 Dungeon Crawl Stone Soup version 0.21.0-3-g78d12a8 (webtiles) character file.

11 letownia2 the Magician (level 2, 0/13 HPs)
             Began as a Vine Stalker Wizard on Jan 13, 2018.
             Succumbed to an adder's poison
             ... on level 3 of the Dungeon.
             The game lasted 00:00:58 (494 turns).

letownia2 the Magician (Vine Stalker Wizard)         Turns: 494, Time: 00:00:59

Health: 0/13       AC:  2    Str:  9    XL:     2   Next: 25%
Magic:  0/7        EV: 12    Int: 18    God:
Gold:   17         SH:  0    Dex: 12    Spells: 6/7 levels left

rFire    . . .     SeeInvis .   g - +0 short sword
rCold    . . .     Gourm    .   (no shield)
rNeg     + . .     Faith    .   a - +0 robe
rPois    .         Spirit   +   b - +0 hat
rElec    .         Reflect  .   (no cloak)
rCorr    .         Harm     .   (no gloves)
MR       .....                  (no boots)
Stlth    ++........             (no amulet)
HPRegen  0.04/turn              h - ring of positive energy
MPRegen  0.10/turn              (no ring)

@: lethally poisoned (0 -> -14)
A: fangs 2, magic shield, antimagic bite, no potion heal 3, rot immunity
a: no special abilities


You were on level 3 of the Dungeon.
You were not hungry.

You visited 1 branch of the dungeon, and saw 3 of its levels.

You collected 17 gold pieces.

Inventory:

Hand Weapons
 g - a +0 short sword (weapon)
Armour
 a - a +0 robe (worn)
 b - a +0 hat (worn)
Jewellery
 h - a ring of positive energy (left hand)
Scrolls
 f - a scroll of fear {unknown}
 i - a scroll of magic mapping {unknown}
 l - a scroll of immolation {unknown}
 n - a scroll of fog {unknown}
Potions
 e - 2 potions of degeneration {unknown}
 j - 2 potions of flight {unknown}
 m - a potion of curing {unknown}
Books
 c - a book of Minor Magic

   Spells                             Type                      Level
   a - Magic Dart                     Conjuration                  1
   b - Blink                          Translocation                2
   c - Call Imp                       Summoning                    2
   d - Slow                           Hexes                        2
   e - Conjure Flame                  Conjuration/Fire             3
   f - Mephitic Cloud                 Conjuration/Poison/Air       3
Comestibles
 d - a ration
 k - 4 chunks of flesh


   Skills:
 - Level 1.5 Dodging
 - Level 2.4 Stealth
 - Level 3.2 Spellcasting
 + Level 2.2 Conjurations
   Level 1.0 Summonings
   Level 1.0 Translocations


You had 6 spell levels left.
You knew the following spells:

 Your Spells              Type           Power        Failure   Level  Hunger
a - Magic Dart            Conj           ##..         6%          1    None


Dungeon Overview and Level Annotations

Branches:
Dungeon (3/15)

Altars:
Fedhas
Zin


Innate Abilities, Weirdness & Mutations

You have extremely sharp teeth.
When hurt, damage is shared between your health and your magic reserves.
Your bite disrupts and absorbs the magic of your enemies.
Potions cannot restore your health.
You are immune to rotting.


Message History

The adder bites you.
You closely miss the adder. Your bite misses the adder.
The adder is almost dead.
You feel sick. The adder completely misses you. The adder closely misses you.
You closely miss the adder.
The adder is almost dead.
The adder bites you.
* * * LOW HITPOINT WARNING * * *
You closely miss the adder.
The adder is almost dead.
The adder misses you.
You closely miss the adder. You bite the adder. You drain its power.
You feel invigorated.
The adder is almost dead.
The adder bites you.
You are more poisoned.
The adder poisons you! The adder completely misses you.
You barely miss the adder. Your bite misses the adder.
The adder is almost dead.
You die...

#.###.##.###.........
##
#.##.##......#...(.#
#.#
##......##########..
.####.###.......# ##(
.......#...._...#
###. #.##..8..## #..)
#.##.._..##.. #.##
......s%##.†.......
#. #
......####.@....#.. #
# .#.##?.....S##### #
.. .[#####/# # ## ...
. #.# ## ... # ..# #
..# . #


You could see an adder.

Vanquished Creatures
  A bat (D:1)
  2 giant cockroaches (D:3)
  A goblin (D:3)
  2 hobgoblins
  3 kobolds
  A rat (D:1)
10 creatures vanquished.

Notes
Turn   | Place    | Note
-------+----------+-------------------------------------------
     0 | D:1      | letownia2 the Vine Stalker Wizard began the quest for the Orb.
     0 | D:1      | Reached XP level 1. HP: 9/9 MP: 5/5
   313 | D:3      | Reached XP level 2. HP: 13/13 MP: 0/7
   418 | D:3      | Found a glowing silver altar of Zin.
   419 | D:3      | Found a blossoming altar of Fedhas.
   494 | D:3      | Succumbed to an adder's poison

Skill      XL: |  1 |
---------------+----+-----
Conjurations   | 2 |  2.2
Dodging        | |  1.5
Stealth        | |  2.4
Spellcasting   | |  3.2
Summonings     | |  1.0
Translocations | |  1.0

Action                   || total
-------------------------++-------
Melee: Short sword       ||    11
       Bite              ||     2
 Cast: Magic Dart        ||    30
Armor: Robe              ||     5
Dodge: Dodged            ||    17
